 Dungeon Crawl Stone Soup version 0.31.0-11-ge490571c62 (webtiles) character file.

Game seed: 14578107058538470037

51 Gadfly the Ruffian (level 3, -3/26 HPs)
             Began as a Demonspawn Shapeshifter on Jan 27, 2024.
             Slain by an orc
             ... wielding a +0 hand axe
              (5 damage)
             ... on level 4 of the Dungeon.
             The game lasted 00:01:15 (1051 turns).

Gadfly the Ruffian (Demonspawn Shapeshifter)        Turns: 1051, Time: 00:01:15

Health: -3/26      AC:  2    Str: 16    XL:     3   Next: 58%
Magic:  3/3        EV: 12    Int: 10    God:
Gold:   58         SH:  0    Dex: 12    Spells: 2/2 levels left

rFire   . .          .
                       - Unarmed
rCold   . . .        (no shield)
rNeg    . . .        a - +0 animal skin
rPois   .            (helmet currently unavailable)
rElec   .            (cloak currently unavailable)
rCorr   .            (gloves currently unavailable)
SInv    .            (boots currently unavailable)
Will    .....        (no amulet)
Stlth   +            (no ring)
HPRegen 0.24/turn    (no ring)
MPRegen 0.08/turn

%: no passive effects
@: beast-form
A: beast (slay +1), antennae 1, powered by pain 1
a: Begin Untransformation


You were on level 4 of the Dungeon.
You were a hulking beast.
You visited 1 branch of the dungeon, and saw 3 of its levels.

You collected 58 gold pieces.

Inventory:

Armour
 a - a +0 animal skin (worn)
Talismans
 c - a beast talisman
 d - a flux talisman
Scrolls
 i - a scroll of vulnerability {unknown}
Potions
 b - a potion of lignification
 e - a potion of berserk rage
 f - 2 potions of might
 g - a potion of attraction {unknown}
 h - a potion of haste {unknown}


   Skills:
 + Level 1.5 Fighting
 * Level 2.4 Dodging
 + Level 2.9 Unarmed Combat
 * Level 1.5 Evocations
 + Level 2.8 Shapeshifting


You had 2 spell levels left.
You didn't know any spells.
Your spell library contained the following spells:

 Spells                   Type           Power      Damage    Failure   Level
 Magic Dart               Conj           0%         1d3       36%         1
 Blink                    Tloc           0%         N/A       50%         2
 Call Imp                 Summ           0%         N/A       50%         2


Dungeon Overview and Level Annotations

Branches:
Dungeon (2/15)

Altars:


Innate Abilities, Weirdness & Mutations

You are a hulking beast.
Your limbs bulge with bestial killing power. (Slay +1)
You have a pair of small antennae on your head.
You sometimes gain a little power by taking damage.


Message History

You are too injured to fight recklessly!
You are too injured to fight recklessly!
You are too injured to fight recklessly!
You are too injured to fight recklessly!
You are too injured to fight recklessly!
You are too injured to fight recklessly!
You are too injured to fight recklessly!
You are too injured to fight recklessly!
You are too injured to fight recklessly!
You are too injured to fight recklessly!
You are too injured to fight recklessly!
You are too injured to fight recklessly!
Unknown command.
You hit the orc.
The orc is lightly wounded.
The orc hits you with a +0 hand axe. The orc closely misses you.
You closely miss the orc.
The orc is lightly wounded.
The orc hits you but does no damage.
You hit the orc but do no damage.
The orc is lightly wounded.
The orc hits you but does no damage.
You hit the orc but do no damage.
The orc is lightly wounded.
The orc misses you.
You hit the orc but do no damage.
The orc is lightly wounded.
The orc closely misses you.
You hit the orc but do no damage.
The orc is lightly wounded.
You hear the slow rusting of a very distant drain.
The orc hits you with a +0 hand axe.
You hit the orc but do no damage.
The orc is lightly wounded.
The orc hits you with a +0 hand axe.
* * * LOW HITPOINT WARNING * * *
You hit the orc but do no damage.
The orc is lightly wounded.
The orc hits you with a +0 hand axe.
You die...

#. #.# #.##..
#.....###
........#
........#
.......o#
......oo# # #o#
#.# #h# ...#
#.##..#
###########....#
#....~~~.....###
#.##########...#
#.# ##.#
##.###### ....
#..)....####.S#
....
#............#
##S.


You could see 4 orcs.

Vanquished Creatures
  An adder (D:2)
  2 dart slugs
  6 orcs
  4 ball pythons
  2 endoplasms (D:1)
  5 goblins
  2 hobgoblins (D:1)
  A quokka (D:2)
  2 frilled lizards (D:2)
  2 kobolds
  3 rats (D:1)
30 creatures vanquished.

Notes
Turn   | Place    | Note
-------+----------+-------------------------------------------
     0 | D:1      | Gadfly the Demonspawn Shapeshifter began the quest for the
                  | Orb.
     0 | D:1      | Reached XP level 1. HP: 15/15 MP: 1/1
   234 | D:1      | Gained mutation: You have a pair of small antennae on your
                  | head. [demonic ancestry]
   234 | D:1      | Reached XP level 2. HP: 11/21 MP: 2/2
   583 | D:1      | Reached skill level 1 in Evocations
   765 | D:2      | Gained mutation: You sometimes gain a little power by
                  | taking damage. [demonic ancestry]
   765 | D:2      | Reached XP level 3. HP: 25/26 MP: 3/3
  1000 | D:2      | You fall into a shaft and drop 2 floors!
  1051 | D:4      | Slain by an orc

Illustrated notes

Levels and vault maps discovered:
D:1:      minmay_arrival_open_corners, layout_basic
D:2:      layout_loops_corners, serial_shops, shop, basic_altar,
          chequers_serial_rivers_micro_e
D:4:      layout_rooms, bloody_trog, portal_sewer_entry_a, serial_shops, shop,
          corexii_corridor_pit, minmay_misc_feat_x, uniq_crazy_yiuf_cottage

Skill      XL: |  1  2 |
---------------+-------+-----
Dodging        | 2 |  2.4
Evocations     | 1 |  1.5
Fighting       | |  1.5
Unarmed Combat | |  2.9
Shapeshifting  | |  2.8

Action                     || total
---------------------------++-------
  Melee: Unarmed           ||   117
         Punch             ||     1
    Use: Scroll            ||     3
         Potion            ||     1
   Stab: Sleeping          ||     2
 Armour: Animal skin       ||    52
  Dodge: Dodged            ||    52
